 Dungeon Crawl Stone Soup version 0.29.1-2-gbd0b4ee654 (webtiles) character file.

Game seed: 4708409102298011847

2503 Firos the Destroyer (level 9, -6/45 HPs)
             Began as a Deep Elf Conjurer on Nov 13, 2022.
             Was a Believer of Vehumet.
             Mangled by a wraith (11 damage)
             ... on level 7 of the Dungeon.
             The game lasted 00:15:28 (8018 turns).

Firos the Destroyer (Deep Elf Conjurer)             Turns: 8018, Time: 00:15:29

Health: -6/45      AC:  8    Str:  4    XL:     9   Next: 28%
Magic:  8/24       EV: 12    Int: 28    God:    Vehumet [**....]
Gold:   210        SH:  0    Dex: 13    Spells: 11/26 levels left

rFire   + . .      SeeInvis .   e - +2 dagger (protect)
rCold   . . .      Faith    +   (no shield)
rNeg    . . .      Spirit   .   j - +2 robe {rF+}
rPois   .          Reflect  .   (no helmet)
rElec   .          Harm     .   (no cloak)
rCorr   .          Rampage  .   q - +2 pair of gloves
Will    +....                   A - +0 pair of boots
Stlth   ++........              B - amulet of faith
HPRegen 0.15/turn               a - ring of willpower
MPRegen 0.19/turn               (no ring)

@: marked, slowed, very slow
A: no striking features
a: Renounce Religion


You were on level 7 of the Dungeon.
You worshipped Vehumet.
Vehumet was pleased with you.
You visited 2 branches of the dungeon, and saw 8 of its levels.

You collected 210 gold pieces.

Inventory:

Hand Weapons
 e - a +2 dagger of protection (weapon)
Armour
 j - a +2 robe of fire resistance (worn)
 q - a +2 pair of gloves (worn)
 A - a +0 pair of boots (worn)
Jewellery
 a - a ring of willpower (left hand)
 u - an amulet of reflection
 B - an amulet of faith (around neck)
Wands
 k - a wand of flame (8)
 w - a wand of iceblast (13)
 y - a wand of mindburst (12)
 z - a wand of digging (4)
Scrolls
 c - a scroll of vulnerability {unknown}
 d - a scroll of poison {unknown}
 m - 2 scrolls of teleportation
 r - 2 scrolls of butterflies {unknown}
 t - a scroll of magic mapping {unknown}
 v - a scroll of brand weapon {unknown}
 C - a scroll of fear {unknown}
 D - a scroll of amnesia {unknown}
Potions
 b - 2 potions of magic
 f - a potion of might
 g - 2 potions of heal wounds
 h - a potion of haste
 i - 2 potions of brilliance
 l - 2 potions of berserk rage
 n - a potion of resistance
 o - a potion of flight {unknown}
 p - a potion of mutation {unknown}
 s - 2 potions of degeneration {unknown}
 x - a potion of attraction {unknown}


   Skills:
 - Level 2.4 Dodging
 - Level 2.4 Stealth
 + Level 9.1 Spellcasting
 * Level 11.1 Conjurations
 + Level 3.9 Translocations
 + Level 3.9 Fire Magic


You had 11 spell levels left.
You knew the following spells:

 Your Spells              Type           Power      Damage    Failure   Level
a - Magic Dart            Conj           100%       1d8       1%          1
b - Searing Ray           Conj           100%       2d8       1%          2
c - Dazzling Flash        Conj/Hex       86%        N/A       1%          3
d - Fulminant Prism       Conj/Hex       21%        3d13      4%          4
e - Iskenderun's Mystic   Conj/Tloc      53%        2d11      1%          4
f - Foxfire               Conj/Fire      100%       2x1d9     1%          1

Your spell library contained the following spells:

 Spells                   Type           Power      Damage    Failure   Level
 Shock                    Conj/Air       100%       1d9       1%          1
 Necrotise                Necr           48%        1d6       4%          1
 Vampiric Draining        Necr           12%        2d6       13%         3
 Agony                    Necr           12%        N/A       77%         5


Dungeon Overview and Level Annotations

Branches:
Dungeon (7/15)             Temple (1/1) D:4

Altars:
Ashenzari
Elyvilon
Fedhas
Gozag
Hepliaklqana
Kikubaaqudgha
Nemelex Xobeh
Qazlal
Sif Muna
Vehumet
Wu Jian
Xom
Yredelemnul
Zin
The Shining One

Shops:
D:4 *


Message History

Your fulminant prism explodes!
The blast of energy engulfs the howler monkey!
You kill the howler monkey!
Vehumet accepts your kill.
An orc comes into view. It is wielding a +0 club.
Casting: Magic Dart (safe; 1% risk of failure)
Confirm with . or Enter, or press ? or * to list all spells.
Aiming: Fulminant Prism (dangerous; 4% risk of failure)
Press: ? - help, Dir - move target You conjure a prism of explosive energy!
A fulminant prism comes into view.
The orc hits you with a +0 flail.
Your fulminant prism explodes!
The blast of energy engulfs the orc!!
You kill the orc!
Vehumet accepts your kill.
You feel your power returning.
An orc priest comes into view. It is wielding a +0 whip.
The wraith hits you!
The magic dart hits the wraith but does no damage.
The wraith is heavily damaged.
Your fulminant prism crackles loudly.
An orc comes into view. It is wielding a +0 short sword.
The wraith hits you! The wraith drains your vigour!
You feel yourself slow down.
Unknown command.
The magic dart hits the wraith.
The wraith is heavily damaged.
The wraith barely misses you.
Your fulminant prism explodes!
The blast of energy engulfs the orc!!
You kill the orc!
Vehumet accepts your kill.
You feel your power returning.
The blast of energy engulfs the wraith!
The wraith is almost destroyed.
The blast of energy engulfs you!!
* * * LOW HITPOINT WARNING * * *
An orc comes into view. It is wielding a +0 club.
The wraith hits you!
You die...

#### ###...
###....# .
#......# ...
#....##)..#
#...@))...#
#..W....)##
#)......##
o.....<.##
.oo........
.######.#..#
#.....
.......


You could see a wraith, an orc priest and 2 orcs.

Vanquished Creatures
  Grinder (D:5)
  4 water moccasins
  An orc warrior (D:4)
  A black bear (D:6)
  3 ogres
  A centaur (D:5)
  A kobold brigand (D:6)
  3 scorpions
  An electric eel (D:6)
  2 howler monkeys
  4 crimson imps (D:3)
  7 hounds
  2 jellies
  4 orc priests
  An iguana (D:4)
  Natasha (thrice) (D:2)
  7 orc wizards
  7 adders
  4 gnolls (D:6)
  An ufetubus (D:4)
  3 worms
  4 dart slugs
  22 orcs
  3 endoplasms
  A giant cockroach (D:3)
  4 goblins (D:1)
  9 hobgoblins
  6 jackals (D:1)
  6 quokkas
  10 ball pythons
  7 bats
  3 frilled lizards (D:1)
  10 kobolds
  9 rats
155 creatures vanquished.

Vanquished Creatures (others)
  30 fulminant prisms
30 creatures vanquished.

Grand Total: 185 creatures vanquished

Notes
Turn   | Place    | Note
-------+----------+-------------------------------------------
     0 | D:1      | Firos the Deep Elf Conjurer began the quest for the Orb.
     0 | D:1      | Reached XP level 1. HP: 10/10 MP: 6/6
   139 | D:1      | Reached XP level 2. HP: 15/15 MP: 6/8
   175 | D:1      | Learned a level 2 spell: Searing Ray
   402 | D:1      | Reached skill level 5 in Conjurations
   581 | D:1      | Reached XP level 3. HP: 19/19 MP: 7/10
  1187 | D:2      | Learned a level 3 spell: Dazzling Flash
  1198 | D:2      | Noticed Natasha
  1203 | D:2      | Killed Natasha
  1448 | D:2      | Noticed Natasha
  1452 | D:2      | Killed Natasha
  1453 | D:2      | Reached XP level 4. HP: 24/24 MP: 7/12
  1458 | D:2      | Learned a level 4 spell: Fulminant Prism
  1473 | D:2      | Noticed Natasha
  1478 | D:2      | Killed Natasha
  1479 | D:2      | Reached skill level 6 in Conjurations
  2120 | D:3      | Found a shimmering altar of Xom.
  2213 | D:3      | Reached XP level 5. HP: 28/28 MP: 1/14
  2348 | D:3      | Reached skill level 5 in Spellcasting
  2522 | D:3      | Reached skill level 7 in Conjurations
  2522 | D:3      | Reached XP level 6. HP: 19/32 MP: 5/16
  3640 | D:4      | Found Akymarpho's Assorted Antiques.
  3652 | D:4      | Found a staircase to the Ecumenical Temple.
  3661 | Temple   | Entered the Ecumenical Temple
  3716 | Temple   | Became a worshipper of Vehumet
  3857 | D:4      | Found a white marble altar of Elyvilon.
  3953 | D:4      | Learned a level 4 spell: Iskenderun's Mystic Blast
  3998 | D:4      | Noticed an orc warrior
  4005 | D:4      | Reached skill level 8 in Conjurations
  4005 | D:4      | Reached XP level 7. HP: 36/36 MP: 4/18
  4643 | D:5      | Entered Level 5 of the Dungeon
  4697 | D:5      | Reached * piety under Vehumet
  4697 | D:5      | Offered knowledge of Foxfire by Vehumet.
  5046 | D:5      | Reached skill level 9 in Conjurations
  5237 | D:5      | Reached XP level 8. HP: 41/41 MP: 16/21
  5239 | D:5      | Learned a level 1 spell: Foxfire
  5424 | D:5      | Reached skill level 1 in Fire Magic
  5461 | D:5      | Reached skill level 1 in Translocations
  5659 | D:5      | Noticed a troll
  5842 | D:5      | Noticed Grinder
  5875 | D:5      | Paralysed by Grinder for 3 turns
  5881 | D:5      | Killed Grinder
  5882 | D:5      | Reached skill level 10 in Conjurations
  7161 | D:6      | Offered knowledge of Shock by Vehumet.
  7182 | D:6      | Reached ** piety under Vehumet
  7183 | D:6      | Reached XP level 9. HP: 45/45 MP: 2/23
  7531 | D:6      | Reached skill level 11 in Conjurations
  7681 | D:6      | Found a glowing golden altar of the Shining One.
  8018 | D:7      | Mangled by a wraith

Illustrated notes

Levels and vault maps discovered:
D:1:      giann_bridges, layout_basic, hangedman_decor_push,
          minmay_misc_feat_five
D:2:      layout_basic, uniq_natasha
D:3:      layout_loops_ring, led_xom_imps
D:4:      layout_basic, mainiacjoe_overflow_catwalk,
          minmay_temple_entry_junction_2, serial_shops, nicolae_shop_statue_plus
D:5:      layout_gridville, minmay_misc_feat_pillars, lightli_corner_chamber,
          uniq_grinder
D:6:      layout_rooms, lemuel_doored_altar, minmay_crystal_water,
          minmay_door_square
D:7:      layout_rooms, okawaru_ov_weapons_minmay, trog_book,
          gammafunk_ghost_wrathful_warriors, minmay_microvault
Temple:   dshaligram_water_room_temple

Skill      XL: |  1  2  3  4  5  6  7  8  9 |
---------------+----------------------------+-----
Conjurations   | 5 6 7 8 9 10 11 | 11.1
Spellcasting   | 4 5 6 7 8 9 |  9.1
Fire Magic     | 3 |  3.9
Translocations | 3 |  3.9
Dodging        | |  2.4
Stealth        | |  2.4

Action                   |  1- 3 |  4- 6 |  7- 9 || total
-------------------------+-------+-------+-------++-------
Melee: Dagger            |       |       |     2 ||     2
 Cast: Magic Dart        |    71 |   105 |   149 ||   325
       Searing Ray       |       |    11 |    14 ||    25
       Iskenderun's Myst |       |     2 |     3 ||     5
       Fulminant Prism   |       |       |    30 ||    30
       Dazzling Flash    |       |       |     1 ||     1
Evoke: Wand              |       |       |     5 ||     5
  Use: Scroll            |       |     3 |     4 ||     7
Armor: Robe              |     5 |    10 |    19 ||    34
Dodge: Dodged            |    15 |    17 |    27 ||    59
Block: Other             |       |       |     2 ||     2
